 Dungeon Crawl Stone Soup version 0.20.1-1-g8b1a95d (webtiles) character file.

186 Irenicus the Chopper (level 5, -1/46 HPs)
             Began as a Deep Dwarf Monk on Oct 28, 2017.
             Slain by Crazy Yiuf
             ... wielding a +4 quarterstaff of chaos
              (4 damage)
             ... on level 4 of the Dungeon.
             The game lasted 00:08:36 (2013 turns).

Irenicus the Chopper (Deep Dwarf Monk)              Turns: 2013, Time: 00:08:37

Health: -1/46      AC:  3    Str: 14    XL:     5   Next: 38%
Magic:  5/5        EV: 14    Int:  9    God:
Gold:   113        SH:  0    Dex: 16    Spells: 4/4 levels left

rFire    . . .     SeeInvis .   a - +0 hand axe
rCold    . . .     Gourm    .   (no shield)
rNeg     . . .     Faith    .   b - +0 robe
rPois    .         Spirit   .   (helmet restricted)
rElec    .         Reflect  .   (no cloak)
rCorr    .         Harm     .   n - +0 pair of gloves
MR       .....                  (no boots)
Stlth    ++........             (no amulet)
Regen    0.0/turn               (no ring)
MPRegen  0.1/turn               (no ring)

@: lethally poisoned (-1 -> -1), non-regenerating
A: damage resistance, heal wounds, beak, dopey 1, sense surroundings 1, no
regeneration
a: Heal Wounds


You were on level 4 of the Dungeon.
You were not hungry.

You visited 1 branch of the dungeon, and saw 4 of its levels.

You collected 113 gold pieces.

Inventory:

Hand Weapons
 a - a +0 hand axe (weapon)
Armour
 b - a +0 robe (worn)
 n - a +0 pair of gloves (worn)
Jewellery
 p - an uncursed ring of ice
Scrolls
 d - a scroll of random uselessness {unknown}
 e - 4 scrolls of immolation {unknown}
 f - a scroll of teleportation {unknown}
 g - 4 scrolls of identify {unknown}
 h - a scroll of fog {unknown}
 j - 2 scrolls of enchant weapon {unknown}
Potions
 i - 2 potions of curing
Comestibles
 c - 2 bread rations
 o - 2 royal jellies


   Skills:
 - Level 2.6 Fighting
 + Level 6.7 Axes
 - Level 3.2 Dodging
 - Level 2.4 Stealth


You had 4 spell levels left.
You didn't know any spells.

Dungeon Overview and Level Annotations

Branches:
Dungeon (4/15)
 Temple: D:4-7

Altars:
Vehumet

Annotations:
D:4 Crazy Yiuf


Innate Abilities, Weirdness & Mutations

You are resistant to damage.
You can heal yourself by infusing magical energy.
You passively map a small area around you.
You do not regenerate.
You have a beak for a mouth.
You are dopey. (Int -2)


Message History

Crazy Yiuf is heavily wounded.
Crazy Yiuf drinks a potion.
Crazy Yiuf suddenly seems more resistant.
You hit Crazy Yiuf.
Crazy Yiuf is severely wounded.
Crazy Yiuf hits you with a quarterstaff of chaos!
You hit Crazy Yiuf but do no damage.
Crazy Yiuf is heavily wounded.
You hit Crazy Yiuf.
Crazy Yiuf is severely wounded.
Crazy Yiuf closely misses you.
You barely miss Crazy Yiuf.
Crazy Yiuf is severely wounded.
Crazy Yiuf barely misses you.
You hit Crazy Yiuf but do no damage.
Crazy Yiuf is severely wounded.
Crazy Yiuf hits you with a quarterstaff of chaos!
* * * LOW HITPOINT WARNING * * *
Crazy Yiuf freezes you.
You die...

##................
##...############>#
#....# #.# #....#
#.# ♣....♣ #.#
♣...♣♣ #.. ♣♣.♣♣
##. ♣.♣♣ . ♣♣@♣ *
♣g♣♣ ♣♣.♣ #'# ...
#...# #..)# #####


You could see Crazy Yiuf.

Vanquished Creatures
  An iguana (D:3)
  2 worker ants (D:4)
  3 adders (D:2)
  2 dart slugs (D:1)
  2 leopard geckos
  7 orcs (D:3)
  2 ball pythons
  9 bats
  7 giant cockroaches
  7 goblins
  8 hobgoblins
  2 jackals (D:1)
  A quokka (D:3)
  2 frilled lizards
  7 kobolds
  10 rats
72 creatures vanquished.

Notes
Turn   | Place    | Note
-------+----------+-------------------------------------------
     0 | D:1      | Irenicus the Deep Dwarf Monk began the quest for the Orb.
     0 | D:1      | Reached XP level 1. HP: 20/20 MP: 1/1
    55 | D:1      | Reached skill level 4 in Axes
    55 | D:1      | Reached XP level 2. HP: 18/27 MP: 2/2
   369 | D:1      | Reached XP level 3. HP: 8/33 MP: 3/3
   721 | D:2      | Reached skill level 5 in Axes
   955 | D:2      | Reached XP level 4. HP: 32/40 MP: 4/4
  1545 | D:3      | Found a radiant altar of Vehumet.
  1702 | D:3      | Gained mutation: You are weak. (Str -2) [potion of mutation]
  1702 | D:3      | Lost mutation: You are weak. (Str -2) [potion of mutation]
  1702 | D:3      | Gained mutation: You are dopey. (Int -2) [potion of mutation]
  1702 | D:3      | Gained mutation: You have a beak for a mouth. [potion of mutation]
  1719 | D:3      | Reached skill level 6 in Axes
  1729 | D:3      | Reached XP level 5. HP: 21/46 MP: 5/5
  1995 | D:4      | Found a runed door.
  1999 | D:4      | Noticed Crazy Yiuf
  2013 | D:4      | Slain by Crazy Yiuf

Skill      XL: |  1  2  3  4 |
---------------+-------------+-----
Axes           | 4 5 6 |  6.7
Fighting       | |  2.6
Dodging        | |  3.2
Stealth        | |  2.4

Action                   |  1- 3 |  4- 6 || total
-------------------------+-------+-------++-------
Melee: Hand axe          |   131 |    99 ||   230
       Peck              |       |     7 ||     7
 Abil: Heal Wounds       |     1 |     2 ||     3
  Use: Potion            |     1 |     5 ||     6
 Stab: Sleeping          |     8 |     3 ||    11
       Distracted        |       |     1 ||     1
  Eat: Chunk             |       |     4 ||     4
Armor: Robe              |    18 |    13 ||    31
Dodge: Dodged            |    89 |    70 ||   159
